 Dungeon Crawl Stone Soup version 0.28.0-53-g5a82cb258f (webtiles) character file.

Game seed: 14070958580073933172

1637882 evanesce the Imperceptible (level 25, 119/149 HPs)
             Began as a Kobold Enchanter on July 8, 2022.
             Was a Priest of Jiyva.
             Escaped with the Orb
             ... and 3 runes on July 11, 2022!
             The game lasted 07:49:32 (62417 turns).

evanesce the Imperceptible (Kobold Enchanter)      Turns: 62417, Time: 07:49:32

Health: 119/149    AC: 14    Str: 13 (14) XL:     25   Next: 67%
Magic:  39/39      EV: 39    Int: 25 (26) God:    Jiyva [***...]
Gold:   1897       SH:  0    Dex: 25 (26) Spells: 23/48 levels left

rFire   + + .      SeeInvis +   c - +9 double sword "Kiloxawn" {speed, Fly Int+8 Dex-2}
rCold   + . .      Faith    +   (shield currently unavailable)
rNeg    . . .      Spirit   .   N - +2 robe {rC+ rF+}
rPois   .          Reflect  .   (no helmet)
rElec   .          Harm     .   P - scarf {shadows}
rCorr   +          Rampage  .   Y - +2 pair of gloves {Dex+3}
Will    ++++.      Clarity  +   E - +0 pair of boots of Starshine {Will+ Regen+}
Stlth   ++++......              r - amulet of faith
HPRegen 2.26/turn               H - ring "Tiexzigh" {+Blink rF+ Str+6}
MPRegen 0.61/turn               O - ring of see invisible

@: flying
A: small, no large weapons, nightstalker 3, iridescent scales 3, clarity,
deformed body, deterioration 1, frail 1, strong-willed 2, strong 1, gelatinous
body 1, engulf
0: Orb of Zot
}: 3/15 runes: decaying, slimy, gossamer
a: Renounce Religion, Evoke Blink, Oozemancy


You escaped.
You worshipped Jiyva.
Jiyva was most pleased with you.
You visited 11 branches of the dungeon, and saw 53 of its levels.
You also visited: Ossuary, Ice Cave, Volcano and Wizlab.

You collected 3727 gold pieces.
You spent 1830 gold pieces at shops.

Inventory:

Hand Weapons
 a - the +8 trident of Action {spect, *Noise +Blink Int+6}
   (You found it on level 3 of the Dungeon)

   When its wielder attacks, the weapon's spirit leaps out and strikes again.
   The spirit shares a part of any damage it takes with its wielder.
   Int:       It affects your intelligence (+6).
   +Blink:    It lets you blink.
   *Noise:    It may make noises in combat.
 b - the +10 rapier "Orb Guardian's Doom" {flame, rPois rCorr Int+3}
   (You found it on level 5 of the Pits of Slime)

   It burns those it strikes, dealing additional fire damage.
   Int:       It affects your intelligence (+3).
   rPois:     It protects you from poison.
   rCorr:     It protects you from acid and corrosion.
 c - the +9 double sword "Kiloxawn" (weapon) {speed, Fly Int+8 Dex-2}
   (You subdued it on level 3 of the Depths)

   Attacks with this weapon are significantly faster.
   Int:       It affects your intelligence (+8).
   Dex:       It affects your dexterity (-2).
   Fly:       It grants you flight.
 d - a +7 vampiric dagger
Armour
 n - a scarf of invisibility
 E - the +0 pair of boots of Starshine (worn) {Will+ Regen+}
   (You found it on level 5 of the Pits of Slime)

   Regen:     It increases your rate of health regeneration.
   Will:      It increases your willpower.
 G - a +2 hat
 N - a +2 robe of resistance (worn)
 P - a scarf of shadows (worn)
 T - a +2 buckler
 W - the +3 leather armour of Xaenwed {rN+ Str+3 Slay+3}
   (You found it on level 4 of the Swamp)

   Str:       It affects your strength (+3).
   Slay:      It affects your accuracy & damage with ranged weapons and melee
   (+3).
   rN:        It protects you from negative energy.
 Y - a +2 pair of gloves of dexterity (worn)
Jewellery
 p - the ring of Iweum {rPois Str-5 Int+3 Stlth+}
   (You took it off a deep elf high priest on level 4 of the Vaults)

   [ring of poison resistance]

   Str:       It affects your strength (-5).
   Int:       It affects your intelligence (+3).
   rPois:     It protects you from poison.
   Stlth:     It makes you more stealthy.
 r - an amulet of faith (around neck)
 H - the ring "Tiexzigh" (left hand) {+Blink rF+ Str+6}
   (You took it off a deep elf high priest on level 3 of the Elven Halls)

   [ring of strength]

   Str:       It affects your strength (+6).
   rF:        It protects you from fire.
   +Blink:    It lets you blink.
 I - a +6 ring of strength
 J - a ring of protection from cold
 O - a ring of see invisible (right hand)
 Q - a +6 ring of intelligence
 V - the ring of Fitse {EV+4 Int+4}
   (You bought it in a shop on level 2 of the Orcish Mines)

   [ring of evasion]

   EV:        It affects your evasion (+4).
   Int:       It affects your intelligence (+4).
Wands
 l - a wand of paralysis (14)
 o - a wand of charming (5)
 q - a wand of flame (103)
 D - a wand of acid (4)
 F - a wand of polymorph (28)
 K - a wand of iceblast (5)
 R - a wand of mindburst (13)
Scrolls
 e - 3 scrolls of identify
 f - 5 scrolls of vulnerability
 j - 4 scrolls of fog
 t - 5 scrolls of enchant weapon
 w - 4 scrolls of fear
 x - 2 scrolls of amnesia
 A - a scroll of blinking
 B - 6 scrolls of immolation
 Z - a scroll of holy word
Potions
 g - a potion of might
 h - 8 potions of brilliance
 k - 3 potions of flight
 m - 2 potions of haste
 s - 3 potions of ambrosia
 u - 7 potions of curing
 y - a potion of resistance
 C - 2 potions of heal wounds
 M - 3 potions of mutation
 S - a potion of magic
 U - 4 potions of invisibility
Miscellaneous
 v - a phial of floods
 L - a tin of tremorstones (2/2)
 X - a lightning rod (4/4)


   Skills:
 - Level 19.2 Fighting
 - Level 14.3(19.8) Short Blades
 + Level 14.8(15.8) Long Blades
 - Level 1.1(4.0) Axes
 - Level 6.2 Polearms
 - Level 3.8 Armour
 + Level 22.6 Dodging
 + Level 25.3 Stealth
 - Level 4.4 Shields
 - Level 12.1 Spellcasting
 - Level 5.0 Conjurations
 - Level 9.8 Hexes
 - Level 7.0 Summonings
 - Level 4.2 Transmutations
 - Level 4.2 Air Magic
 - Level 4.2 Earth Magic
 - Level 9.0 Evocations


You had 23 spell levels left.
You knew the following spells:

 Your Spells              Type           Power      Damage    Failure   Level
c - Confusing Touch       Hex            59%        N/A       1%          3
d - Dazzling Flash        Conj/Hex       100%       N/A       1%          3
l - Summon Lightning Spi  Summ/Air       43%        N/A       3%          4
t - Tukima's Dance        Hex            59%        N/A       1%          3
v - Summon Mana Viper     Hex/Summ       55%        N/A       3%          5
B - Sublimation of Blood  Necr           15%        N/A       6%          2
P - Passwall              Tmut/Erth      30%        N/A       1%          2
S - Swiftness             Air            36%        N/A       1%          3

Your spell library contained the following spells:

 Spells                   Type           Power      Damage    Failure   Level
 Foxfire                  Conj/Fire      100%       2x1d9     1%          1
 Sandblast                Erth           72%        2d16      1%          1
 Shock                    Conj/Air       100%       1d9       1%          1
 Summon Small Mammal      Summ           100%       N/A       1%          1
 Ensorcelled Hibernation  Hex/Ice        78%        N/A       1%          2
 Searing Ray              Conj           80%        2d7       1%          2
 Static Discharge         Conj/Air       38%        N/A       1%          2
 Wereblood                Tmut           36%        N/A       1%          2
 Inner Flame              Hex/Fire       39%        N/A       1%          3
 Portal Projectile        Hex/Tloc       78%        N/A       1%          3
 Stone Arrow              Conj/Erth      76%        3d11      1%          3
 Corpse Rot               Necr/Air       50%        N/A       2%          2
 Poisonous Vapours        Pois/Air       50%        N/A       2%          2
 Animate Armour           Summ/Erth      86%        N/A       3%          4
 Conjure Flame            Conj/Fire      27%        6-21      4%          3
 Anguish                  Hex/Necr       19%        N/A       5%          4
 Airstrike                Air            18%        N/A       7%          4
 Petrify                  Tmut/Erth      36%        N/A       7%          4
 Summon Ice Beast         Ice/Summ       32%        N/A       10%         4
 Frozen Ramparts          Ice            30%        1d5       12%         3
 Teleport Other           Tloc           15%        N/A       12%         3
 Flame Wave               Conj/Fire      27%        2d7       14%         4
 Hailstorm                Conj/Ice       27%        3d7       14%         4
 Sticky Flame             Conj/Fire      27%        2d5       14%         4
 Ice Form                 Ice/Tmut       25%        N/A       16%         4
 Blade Hands              Tmut           18%        N/A       19%         5
 Dispel Undead            Necr           15%        3d10      36%         4
 Alistair's Intoxication  Tmut/Pois      16%        N/A       41%         5
 Borgnjor's Vile Clutch   Necr/Erth      12%        N/A       43%         5
 Iron Shot                Conj/Erth      19%        9d4       65%         6
 Statue Form              Tmut/Erth      24%        N/A       71%         6
 Excruciating Wounds      Necr           7%         N/A       73%         5
 Manifold Assault         Tloc           15%        N/A       73%         5
 Monstrous Menagerie      Summ           25%        N/A       88%         7
 Summon Hydra             Summ           25%        N/A       88%         7
 Eringya's Noxious Bog    Tmut/Pois      12%        N/A       94%         6
 Simulacrum               Ice/Necr       7%         N/A       99%         6
 Orb of Destruction       Conj           20%        9d8       99%         7
 Disjunction              Tloc           7%         N/A       100%        8
 Lehudib's Crystal Spear  Conj/Erth      19%        10d6      100%        8
 Necromutation            Tmut/Necr      12%        N/A       100%        8
 Chain Lightning          Conj/Air       19%        3d25      100%        9
 Shatter                  Erth           18%        3d17*     100%        9


Dungeon Overview and Level Annotations

Branches:
Dungeon (15/15)            Temple (1/1) D:7            Lair (6/6) D:11
  Swamp (4/4) Lair:3       Spider (4/4) Lair:2        Slime (5/5) Lair:5
    Orc (2/2) D:11            Elf (3/3) Orc:2        Vaults (4/5) D:13
 Depths (4/4) D:15            Zot (5/5) Depths:4    Ossuary (visited)
  IceCv (visited)         Volcano (visited)          WizLab (visited)
  Crypt: Vaults:2-3

Altars:
Ashenzari
Cheibriados
Dithmenos
Elyvilon
Fedhas
Gozag
Hepliaklqana
Kikubaaqudgha
Makhleb
Nemelex Xobeh
Okawaru
Qazlal
Ru
Sif Muna
Trog
Uskayaw
Vehumet
Wu Jian
Xom
Yredelemnul
Zin
The Shining One
Beogh
Jiyva

Shops:
D:5 *   D:8 (   D:11 ?   Orc:1 *   Orc:2 *:*([   Vaults:2 =   Zot:2 *
Depths:1 ==:=   Depths:3 ([([

Portals:
Hell: Depths:2 Depths:4
Abyss: Depths:2 Depths:3
Pandemonium: Depths:2 Depths:4
Ziggurat: Depths:3

Annotations:
D:2 exclusion: downstairs
D:3 exclusion: downstairs, Grinder
D:4 Duvessa
D:12 exclusion: electric eel
Spider:3 exclusion: upstairs
Slime:5 Royal Jelly
Elf:2 3 runed translucent doors, exclusion: downstairs
Vaults:2 exclusion: 2 doors
Depths:2 1 transporter, exclusion: downstairs
Depths:3 exclusion: upstairs
Zot:5 exclusion: upstairs


Innate Abilities, Weirdness & Mutations

You are small and have problems with some larger weapons.
You are completely attuned to the shadows.
You are completely covered in iridescent scales. (AC +6)
You possess an exceptional clarity of mind.
Armour fits poorly on your strangely shaped body.
Your body sometimes deteriorates upon taking damage.
You are frail. (-10% HP)
You are highly strong-willed. (Will++)
Your muscles are strong. (Str +2)
Your rubbery body absorbs attacks. (AC +1, EV +1)
Your melee attacks may engulf your foes in ooze.


Message History

(N) Spider Nest (M) Slime Pits (O) Orcish Mines (E) Elven Halls (V) Vaults (U) Depths (H) Hell (Z) Zot
Where to? (Enter - D:1, ? - help)
Okay, then.
There are no items here.
Unknown command.
Unknown command.
You fly upwards.
There is a stone staircase leading down here.
An Orb Guardian comes into view.
The Orb Guardian moves out of view.
You swap places.
The Orb Guardian hits you!!
Your body deteriorates!
You feel clumsy. The Orb Guardian completely misses you.
The Orb Guardian barely misses you.
Casting: Passwall (safe; 1% risk of failure)
Confirm with . or Enter, or press ? or * to list all spells.
You don't know that spell.
Unknown command.
Unknown command.
Casting: Passwall (safe; 1% risk of failure)
Confirm with . or Enter, or press ? or * to list all spells.
Aiming: Passwall (safe; 1% risk of failure)
Press: ? - help, Dir - move target A rock wall.
This square is covered in magical glow.
The Orb Guardian completely misses you.
You begin to meditate on the wall.
You continue meditating on the rock.
The Orb Guardian completely misses you.
You continue meditating on the rock.
Magic restored.
The Orb Guardian completely misses you.
The Orb Guardian hits you but does no damage.
You finish merging with the rock.
HP restored.
You swap places.
There is an open door here.
There is a staircase leading out of the dungeon here.
The Orb Guardian hits you!!
You have escaped!

##...#########..##
.................#
##...###########.#
## #...# ≈≈≈#'#≈≈≈
#...#####
≈≈≈#.#≈≈≈
#.......#
#≈≈#.#≈≈#
#######.#
≈≈≈#.#≈☼≈ #.#
≈≈≈#X#≈≈§ #J#
☼≈≈#@#≈≈≈ #.#
≈≈≈#.#≈≈≈ #.#
#§≈#.#≈≈# #.#
≈§≈#.#≈≈≈ #.#
≈≈≈#.#≈≈≈ #.##
°≈≈#.#≈≈≈
#..######.# ##
##........#
##########


You could see an Orb Guardian.

Vanquished Creatures
  An ancient lich (Zot:1)
  4 orbs of fire
  A juggernaut (Depths:4)
  Bai Suzhen (Depths:2)
  Xtahua (Vaults:2)
  A Killer Klown (Zot:5)
  A curse toe (Zot:5)
  7 golden dragons
  Arachne (Spider:2)
  A bone dragon (Zot:1)
  3 electric golems (Zot:2)
  11 tentacled monstrosities
  4 Orb Guardians (Zot:5)
  A walking divine tome (Depths:3)
  A walking earthen tome (Depths:3)
  A titan (Vaults:4)
  A quicksilver dragon (Vaults:4)
  10 death cobs
  5 sphinxes
  A tengu reaver (D:12)
  A tentacled starspawn (WizLab)
  A thorn hunter (Swamp:1)
  8 storm dragons
  9 shadow dragons
  2 fenstrider witches
  6 draconian knights
  2 draconian monks
  3 fire giants
  A nargun (Depths:3)
  8 vault wardens
  4 deep elf sorcerers
  2 frost giants (Depths:3)
  A draconian scorcher (Depths:4)
  5 emperor scorpions
  Louise (Swamp:3)
  An iron dragon (Vaults:2)
  6 ghost moths
  5 draconian shifters
  3 deep elf elementalists (Elf:3)
  A ghoul (Swamp:4)
  7 stone giants
  2 draconian stormcallers
  12 ironbound preservers
  5 draconian annihilators
  2 broodmothers (Spider:3)
  An ironbound thunderhulk (Vaults:1)
  7 very ugly things
  3 vampire knights
  5 eleionomae
  5 green draconians
  9 purple draconians
  5 black draconians
  6 deep elf demonologists
  3 bunyips
  11 white draconians
  The ghost of Kranky the Warrior, a journeyman MiBe of Trog (Orc:2)
  2 deep elf annihilators (Elf:3)
  6 dire elephants
  13 spark wasps
  9 red draconians
  4 yellow draconians
  3 entropy weavers
  4 ettins
  3 yaktaur captains
  3 shambling mangroves
  2 deep elf death magi
  5 deep elf high priests
  2 fire dragons
  An ice dragon (Depths:3)
  9 boulder beetles
  A rakshasa (Depths:3)
  10 hydras
  A ghost crab (Swamp:4)
  8 centaur warriors
  6 vault guards
  A peacekeeper (Vaults:4)
  A radroach (Spider:4)
  2 jorogumos (Spider:3)
  5 catoblepae
  A spriggan air mage (Depths:4)
  5 alligators
  13 ironbound frosthearts
  13 dancing weapons
  A deep troll shaman (Depths:4)
  5 tengu warriors
  A two-headed ogre (D:14)
  The ghost of RedNights the Thaumaturge, a journeyman DECj of Ashenzari (D:11)
  11 death yaks
  2 hell knights
  A thrashing horror (WizLab)
  Nergalle (Orc:2)
  A spriggan berserker (Depths:4)
  Sonja (D:13)
  3 soul eaters
  A sixfirhy (WizLab)
  A salamander mystic (Depths:3)
  3 skeletal warriors (D:12)
  5 sun moths
  7 deep elf knights
  2 goliath frogs (Swamp:1)
  An iron troll (Depths:4)
  33 deep trolls
  4 pharaoh ants
  7 steelbarb worms
  2 death drakes (Zot:1)
  4 bog bodies
  13 orb spiders
  3 spriggan druids
  An obsidian statue (Orc:2)
  6 swamp dragons
  2 phantasmal warriors (Vaults:4)
  16 wizards
  6 lindwurms
  12 deep elf archers
  9 ironbound convokers
  A necromancer (D:13)
  16 wolf spiders
  31 ugly things
  An orc knight (D:15)
  11 deep elf zephyrmancers
  3 manticores
  23 deep elf pyromancers
  21 moths of wrath
  3 will-o-the-wisps
  2 orc sorcerers (Orc:2)
  4 cyclopes
  4 salamanders (Depths:3)
  11 elephants (Lair:4)
  6 nameless horrors
  5 torpor snails
  A rust devil (Depths:2)
  14 vault sentinels
  2 black mambas (Lair:3)
  2 molten gargoyles (Vaults:2)
  An orange demon (WizLab)
  2 rime drakes (Orc:2)
  7 cane toads
  A gargoyle (D:14)
  8 komodo dragons
  29 yaktaurs
  8 demonic crawlers
  A red devil (Depths:2)
  An ice devil (IceCv)
  A freezing wraith (WizLab)
  An entropy weaver simulacrum (IceCv)
  2 tengu conjurers
  10 meliai
  6 trolls
  16 tarantellas
  4 polar bears
  14 hornets
  A bloated husk (Swamp:2)
  6 blink frogs
  4 tyrant leeches
  A shadow (D:12)
  18 jumping spiders
  20 culicivoras
  7 water elementals
  An air elemental (Elf:3)
  8 fire elementals
  5 wraiths
  46 yaks
  10 spriggans
  5 wyverns
  8 humans (D:13)
  8 basilisks
  7 vampire mosquitoes
  A steam dragon (D:9)
  31 redbacks
  2 death yak simulacra (IceCv)
  2 harpy simulacra (IceCv)
  13 swamp worms
  4 wargs
  12 water moccasins
  3 hell hounds (Volcano)
  2 acid dragons
  4 swamp drakes
  24 orc warriors
  3 black bears
  A sky beast (D:7)
  A necrophage (Swamp:4)
  A small abomination (WizLab)
  2 hornet zombies
  12 wolves
  6 centaurs
  3 ogres
  8 bullfrogs
  7 two-headed ogre simulacra (IceCv)
  4 cane toad simulacra (IceCv)
  5 earth elementals
  2 scorpions
  Dowan (D:4)
  A water moccasin zombie (Ossuary)
  8 killer bees
  A jelly (Vaults:1)
  An elephant simulacrum (IceCv)
  A howler monkey (D:12)
  7 wights (D:8)
  3 electric eels
  2 lava snakes (D:13)
  6 centaur zombies (Ossuary)
  8 bullfrog zombies
  A human zombie (D:7)
  A centaur skeleton (D:5)
  3 hounds
  A gnoll shaman (D:9)
  10 orc priests
  Ijyb (D:5)
  4 iguanas
  27 orc wizards
  Natasha (twice) (D:3)
  2 troll simulacra (IceCv)
  4 hell rats (Lair:4)
  A lightning spire (Zot:2)
  5 spriggan simulacra (IceCv)
  A wolf simulacrum (IceCv)
  4 killer bee zombies
  15 mummies (Ossuary)
  4 gnolls
  2 adders
  6 naga simulacra (IceCv)
  5 white imps (IceCv)
  6 ufetubi
  A worm zombie (D:7)
  2 worms (D:2)
  5 dart slugs
  50 orcs
  A bat (D:1)
  4 giant cockroaches
  3 goblins
  6 hobgoblins
  4 jackals
  4 quokkas
  7 ball pythons
  8 frilled lizards
  2 kobolds (D:1)
  5 rats
1337 creatures vanquished.

Vanquished Creatures (collateral kills)
  6 tentacled monstrosities
  A titan (Vaults:4)
  A walking divine tome (Depths:3)
  2 deep elf master archers (Elf:3)
  3 death cobs
  2 fire giants
  2 storm dragons
  A frost giant (Depths:1)
  A deep elf sorcerer (Elf:3)
  A balrug (Depths:3)
  A draconian shifter (Zot:5)
  2 deep elf elementalists (Elf:3)
  A draconian annihilator (Zot:4)
  An ironbound thunderhulk (Vaults:4)
  A deep elf demonologist (Elf:3)
  A purple draconian (Zot:1)
  An entropy weaver (Spider:2)
  A fire dragon (Vaults:4)
  2 deep elf high priests (Elf:3)
  A rakshasa (Depths:1)
  A yaktaur captain (Depths:4)
  3 vault guards
  An ogre mage (Vaults:2)
  A radroach (Spider:2)
  A tengu warrior (Depths:2)
  4 death yaks (Lair:6)
  A deep troll earth mage (Depths:4)
  2 deep elf knights
  A death drake (Swamp:4)
  A pharaoh ant (Spider:2)
  5 deep trolls
  3 deep elf archers (Elf:2)
  Pikel (D:6)
  2 lindwurms
  A wizard (Depths:2)
  2 orc knights (Orc:2)
  A deep elf zephyrmancer (Elf:3)
  3 ugly things
  3 wolf spiders
  A cyclops (D:12)
  A salamander (Depths:3)
  An ice statue (IceCv)
  A vault sentinel (Vaults:4)
  A smoke demon (Depths:3)
  A yaktaur (Vaults:3)
  An anaconda simulacrum (IceCv)
  A queen bee (shapeshifter) (Vaults:4)
  2 yaks (Lair:3)
  A death yak simulacrum (IceCv)
  A redback (Spider:1)
  A swamp drake (Swamp:4)
  A wight (D:8)
  An ufetubus (IceCv)
  3 orcs
87 creatures vanquished.

Vanquished Creatures (others)
  An electric golem (Zot:5)
  4 Orb Guardians (Zot:5)
  13 acid blobs
  A sphinx (shapeshifter) (Vaults:4)
  A deep elf master archer (Elf:3)
  A shadow dragon (Depths:4)
  8 azure jellies
  A fire giant (Depths:4)
  A deep elf sorcerer (Elf:3)
  A deep elf elementalist (Elf:3)
  An ironbound thunderhulk (Vaults:2)
  An ironbound preserver (Vaults:1)
  3 deep elf demonologists (Elf:3)
  4 deep elf annihilators (Elf:3)
  A purple draconian (Zot:5)
  2 deep elf death magi (Elf:3)
  A crystal guardian (Vaults:4)
  2 yaktaur captains (Vaults:4)
  11 great orbs of eyes
  A deep elf high priest (Elf:3)
  3 hydras
  5 glowing orange brains
  4 centaur warriors
  A two-headed ogre (Orc:2)
  An orc high priest (Orc:2)
  A spriggan berserker (Depths:4)
  A death drake (shapeshifter) (Vaults:4)
  A swamp dragon (shapeshifter) (Depths:2)
  An ironbound convoker (Vaults:2)
  3 bog bodies (Swamp:4)
  4 swamp dragons (Swamp:4)
  A deep elf archer (Elf:3)
  An orc knight (Orc:2)
  A phantasmal warrior (Vaults:4)
  An anaconda skeleton (WizLab)
  2 deep elf pyromancers (Elf:3)
  A cyclops (D:13)
  2 vault sentinels (Vaults:4)
  A torpor snail (shapeshifter) (Depths:2)
  A cane toad (Lair:6)
  7 yaktaurs
  An ice devil (Depths:2)
  A komodo dragon (Lair:2)
  A demonic crawler (Spider:2)
  A red devil (Depths:2)
  A troll (Orc:2)
  17 slime creatures
  3 bloated husks (Swamp:1)
  A hornet (Swamp:4)
  A tarantella (Spider:2)
  A blink frog (shapeshifter) (Depths:2)
  2 culicivoras (Spider:2)
  A jumping spider (Spider:2)
  2 water elementals
  A steam dragon (D:8)
  2 golden eyes (Vaults:2)
  5 yaks (Lair:6)
  12 humans (D:13)
  A neqoxec (Depths:2)
  2 vampire mosquitoes (D:14)
  12 redbacks
  10 dancing weapons
  A warg (Orc:2)
  3 swamp worms
  2 water moccasins
  A black bear (D:5)
  4 swamp drakes (Swamp:4)
  6 orc warriors (Orc:2)
  A necrophage (D:4)
  An ogre (Orc:2)
  An ogre (shapeshifter) (D:14)
  2 centaurs
  A kobold brigand (D:8)
  A bullfrog (Lair:2)
  A scorpion (D:7)
  A water moccasin zombie (D:7)
  A killer bee (D:8)
  A wight (D:8)
  An electric eel (D:12)
  519 jellies
  2 centaur zombies
  A hound (D:6)
  A gnoll shaman (D:8)
  2 orc priests
  Natasha (D:3)
  7 orc wizards
  A troll simulacrum (IceCv)
  A killer bee zombie (D:8)
  4 mummies (Ossuary)
  A howler monkey zombie (Ossuary)
  An adder (D:3)
  3 gnolls (D:8)
  A worm (D:2)
  A dart slug (D:2)
  2 endoplasms
  22 orcs
  2 bats (D:2)
  A giant cockroach (D:2)
  2 goblins
  2 hobgoblins
  A quokka (D:1)
  2 ball pythons
  8 frilled lizards
  2 kobolds
  3 rats
  A bush (Lair:6)
  6 foxfires
  79 fungi
  179 plants
  2 starspawn tentacles (WizLab)
  3 withered plants (Ossuary)
1072 creatures vanquished.

Grand Total: 2496 creatures vanquished

Notes
Turn   | Place    | Note
-------+----------+-------------------------------------------
     0 | D:1      | evanesce the Kobold Enchanter began the quest for the Orb.
     0 | D:1      | Reached XP level 1. HP: 10/10 MP: 3/3
    41 | D:1      | Found a faded altar of an unknown god.
    75 | D:1      | Prayed at the altar of an unknown god.
    75 | D:1      | Became a worshipper of Jiyva Judyoc the Shapeless
    75 | D:1      | Reached * piety under Jiyva
   125 | D:1      | Reached XP level 2. HP: 15/15 MP: 5/5
   128 | D:1      | Learned a level 2 spell: Ensorcelled Hibernation
   600 | D:2      | Reached ** piety under Jiyva
   627 | D:2      | Reached XP level 3. HP: 19/19 MP: 4/6
  1193 | D:2      | Reached *** piety under Jiyva
  1383 | D:2      | Gained mutation: You have a small jelly attached to you
                  | that may absorb projectiles. [Jiyva's grace]
  1383 | D:2      | Gained mutation: Your melee attacks may engulf your foes in
                  | ooze. [Jiyva's grace]
  1383 | D:2      | Gained mutation: Armour fits poorly on your pseudopods.
                  | [Jiyva's grace]
  1383 | D:2      | Gained mutation: Armour fits poorly on your large
                  | pseudopods. [Jiyva's grace]
  1776 | D:3      | Reached XP level 4. HP: 24/24 MP: 7/7
  1939 | D:3      | Noticed Natasha
  1940 | D:3      | Noticed Grinder
  2055 | D:2      | Reached XP level 5. HP: 28/28 MP: 2/9
  2183 | D:3      | Reached **** piety under Jiyva
  2464 | D:3      | Learned a level 3 spell: Tukima's Dance
  2660 | D:3      | Killed Natasha
  2681 | D:3      | Noticed Natasha
  2686 | D:3      | Killed Natasha
  2749 | D:4      | Learned a level 3 spell: Confusing Touch
  2912 | D:4      | Reached skill level 1 in Fighting
  2912 | D:4      | Reached XP level 6. HP: 31/34 MP: 7/10
  2932 | D:4      | Noticed Dowan
  2966 | D:4      | Noticed Duvessa
  2969 | D:4      | Slimified Duvessa
  2969 | D:4      | Noticed Duvessa
  2969 | D:4      | Duvessa changed into Duvessa the slime creature
  2986 | D:4      | Killed Dowan
  2987 | D:4      | Reached skill level 5 in Short Blades
  2991 | D:4      | HP: 1/35 [Duvessa the slime creature (10)]
  3138 | D:3      | Identified the +8 trident of Action {spect, *Noise +Blink
                  | Int+6}
  3244 | D:3      | Killed Natasha
  3443 | D:4      | Killed a necrophage
  3478 | D:5      | Entered Level 5 of the Dungeon
  3520 | D:5      | Noticed an ogre
  3525 | D:5      | Killed an ogre
  3526 | D:5      | Reached skill level 5 in Stealth
  3552 | D:5      | Reached XP level 7. HP: 41/41 MP: 5/11
  3646 | D:5      | Reached skill level 6 in Stealth
  3718 | D:5      | Lost mutation: Armour fits poorly on your large pseudopods.
                  | [Jiyva's grace]
  3718 | D:5      | Gained mutation: You have supernaturally acute eyesight.
                  | (SInv) [Jiyva's grace]
  3718 | D:5      | Gained mutation: You have acidic saliva. [Jiyva's grace]
  3718 | D:5      | Gained mutation: Your mind is acute. (Int +2) [Jiyva's
                  | grace]
  3718 | D:5      | Gained mutation: Your mind is very acute. (Int +4) [Jiyva's
                  | grace]
  3758 | D:5      | Reached skill level 1 in Polearms
  3834 | D:5      | Noticed Ijyb
  3842 | D:5      | Killed Ijyb
  3885 | D:5      | Found Motiol's Mayhem Merchandise.
  4049 | D:5      | Reached ***** piety under Jiyva
  4321 | D:6      | Noticed Pikel
  4324 | D:6      | Killed Pikel
  4325 | D:6      | Reached XP level 8. HP: 38/51 MP: 7/12
  4360 | D:6      | Reached XP level 9. HP: 51/56 MP: 13/13
  4979 | D:7      | Found a sand-covered staircase.
  4992 | Ossuary  | Entered an ossuary
  5031 | Ossuary  | Reached skill level 5 in Dodging
  5394 | D:7      | Found a shimmering altar of Xom.
  5636 | D:7      | Lost mutation: Your mind is very acute. (Int +4) [Jiyva's
                  | grace]
  5636 | D:7      | Lost mutation: You have a small jelly attached to you that
                  | may absorb projectiles. [Jiyva's grace]
  5636 | D:7      | Lost mutation: Your melee attacks may engulf your foes in
                  | ooze. [Jiyva's grace]
  5636 | D:7      | Gained mutation: Armour fits poorly on your large
                  | pseudopods. [Jiyva's grace]
  5636 | D:7      | Gained mutation: Armour fits poorly on your massive
                  | pseudopods. [Jiyva's grace]
  5636 | D:7      | Gained mutation: Your rubbery body absorbs attacks. (AC +1,
                  | EV +1) [Jiyva's grace]
  5636 | D:7      | Gained mutation: Your pliable body absorbs attacks. (AC +2,
                  | EV +2) [Jiyva's grace]
  6012 | D:7      | Found a staircase to the Ecumenical Temple.
  6018 | Temple   | Entered the Ecumenical Temple
  7013 | D:8      | Reached XP level 10. HP: 66/66 MP: 14/14
  7429 | D:8      | Reached skill level 10 in Fighting
  7457 | D:8      | Reached ****** piety under Jiyva
  8427 | D:8      | Found Suakeol's Antique Weapon Shop.
  8981 | D:9      | Got Lom Lobon's Volume of Conjuration
  9356 | D:10     | Entered Level 10 of the Dungeon
  9531 | D:10     | Reached skill level 7 in Stealth
  9639 | D:10     | Reached skill level 10 in Dodging
  9689 | D:10     | Lost mutation: You have supernaturally acute eyesight.
                  | (SInv) [Jiyva's grace]
  9689 | D:10     | Lost mutation: Your mind is acute. (Int +2) [Jiyva's grace]
  9689 | D:10     | Gained mutation: You have a small jelly attached to you
                  | that may absorb projectiles. [Jiyva's grace]
  9689 | D:10     | Gained mutation: Your melee attacks may engulf your foes in
                  | ooze. [Jiyva's grace]
  9689 | D:10     | Gained mutation: You are partially covered in iridescent
                  | scales. (AC +2) [Jiyva's grace]
  9689 | D:10     | Gained mutation: You are mostly covered in iridescent
                  | scales. (AC +4) [Jiyva's grace]
  9821 | D:10     | Reached XP level 11. HP: 73/73 MP: 15/15
  9970 | D:11     | Noticed a boulder beetle
  9974 | D:11     | Killed a boulder beetle
  9975 | D:11     | Reached skill level 8 in Stealth
  9981 | D:11     | Noticed a green ugly thing
  9983 | D:11     | Slimified a green ugly thing
  9983 | D:11     | a green ugly thing changed into a slime creature
 10178 | D:11     | Found a runed translucent door.
 10178 | D:11     | Noticed RedNights's ghost (journeyman DECj)
 10237 | D:11     | Found Juoxtore's Magic Scroll Boutique.
 10249 | D:11     | Bought a scroll of magic mapping for 42 gold pieces
 10249 | D:11     | Bought a scroll of noise for 12 gold pieces
 10252 | D:11     | Noticed a manticore
 10259 | D:11     | Killed a manticore
 10260 | D:11     | Reached skill level 9 in Stealth
 10464 | D:11     | Found a staircase to the Orcish Mines.
 10471 | Orc:1    | Entered Level 1 of the Orcish Mines
 10574 | Orc:1    | Found Wuusaa's Assorted Antiques.
 10698 | Orc:2    | Entered Level 2 of the Orcish Mines
 10730 | Orc:2    | Found a frozen archway.
 10738 | IceCv    | Entered an ice cave
 10898 | IceCv    | Reached skill level 10 in Stealth
 11308 | IceCv    | Noticed a bog body
 11312 | IceCv    | Slimified a bog body
 11312 | IceCv    | Noticed an acid blob
 11312 | IceCv    | a bog body changed into an acid blob
 11320 | IceCv    | Killed an acid blob
 11321 | IceCv    | Reached skill level 10 in Short Blades
 11321 | IceCv    | Reached XP level 12. HP: 73/79 MP: 16/16
 11412 | IceCv    | Reached skill level 11 in Stealth
 11584 | Orc:2    | Noticed an orc high priest
 11622 | Orc:2    | Slimified an orc high priest
 11622 | Orc:2    | Noticed an acid blob
 11622 | Orc:2    | an orc high priest changed into an acid blob
 11767 | Orc:2    | Noticed Rupert
 11773 | Orc:2    | Slimified Rupert
 11773 | Orc:2    | Noticed Rupert
 11773 | Orc:2    | Rupert changed into Rupert the azure jelly
 11786 | Orc:2    | Lost mutation: Your pliable body absorbs attacks. (AC +2,
                  | EV +2) [Jiyva's grace]
 11786 | Orc:2    | Lost mutation: Armour fits poorly on your massive
                  | pseudopods. [Jiyva's grace]
 11786 | Orc:2    | Gained mutation: You are covered in slimy tendrils that may
                  | disarm your opponents. [Jiyva's grace]
 11786 | Orc:2    | Gained mutation: You are completely covered in iridescent
                  | scales. (AC +6) [Jiyva's grace]
 11786 | Orc:2    | Gained mutation: You expend magic power (3 MP) to
                  | strengthen your wands. [Jiyva's grace]
 11786 | Orc:2    | Gained mutation: Your body has grown eyes which may confuse
                  | attackers. (Acc +3) [Jiyva's grace]
 11877 | Orc:2    | Killed an orc high priest
 11939 | Orc:2    | Paralysed by an orc sorcerer for 5 turns
 11943 | Orc:2    | Noticed Nergalle
 12066 | Orc:2    | Killed a two-headed ogre
 12076 | Orc:2    | Noticed Saint Roka
 12081 | Orc:2    | Slimified Saint Roka
 12081 | Orc:2    | Noticed Saint Roka
 12081 | Orc:2    | Saint Roka changed into Saint Roka the acid blob
 12185 | Orc:2    | Killed Nergalle
 12296 | Orc:2    | Found Roneveis's Antique Weapon Emporium.
 12324 | Orc:2    | Found Wonoded's Antique Armour Emporium.
 12342 | Orc:2    | Found Erit's Book Emporium.
 12360 | Orc:2    | Found a runed translucent gate.
 12360 | Orc:2    | Found a runed translucent gate.
 12360 | Orc:2    | Found a runed translucent gate.
 12361 | Orc:2    | Noticed Kranky's ghost (journeyman MiBe)
 12362 | Orc:2    | Found an opulent altar of Gozag.
 12362 | Orc:2    | Found Anirchuwn's Assorted Antiques.
 12394 | Orc:2    | Found Irytar's General Store.
 12525 | Orc:2    | Found a staircase to the Elven Halls.
 12889 | D:12     | Reached skill level 5 in Polearms
 13197 | D:12     | Noticed a skeletal warrior
 13199 | D:12     | Noticed a skeletal warrior
 13200 | D:12     | Killed a skeletal warrior
 13202 | D:12     | Noticed a skeletal warrior
 13203 | D:12     | Killed a skeletal warrior
 13204 | D:12     | Reached skill level 12 in Stealth
 13215 | D:12     | Killed a skeletal warrior
 13540 | D:11     | Reached XP level 13. HP: 84/84 MP: 14/17
 13575 | D:11     | Found a staircase to the Lair.
 13581 | Lair:1   | Entered Level 1 of the Lair of Beasts
 13832 | Lair:1   | Learned a level 3 spell: Dazzling Flash
 13903 | Lair:1   | Found a dark tunnel.
 13909 | Volcano  | Entered a volcano
 13927 | Volcano  | Reached skill level 13 in Stealth
 14280 | Volcano  | Reached skill level 1 in Conjurations
 14334 | Volcano  | Reached skill level 5 in Hexes
 14351 | Volcano  | Reached skill level 5 in Spellcasting
 15026 | Lair:2   | Noticed Gastronok
 15029 | Lair:2   | Noticed a four-headed hydra
 15030 | Lair:2   | Slimified Gastronok
 15030 | Lair:2   | Noticed Gastronok
 15030 | Lair:2   | Gastronok changed into Gastronok the acid blob
 15033 | Lair:2   | Killed a four-headed hydra
 15149 | Lair:2   | Found a hole to the Spider Nest.
 15265 | Lair:2   | Reached skill level 14 in Stealth
 15282 | Lair:2   | Lost mutation: You are completely covered in iridescent
                  | scales. (AC +6) [Jiyva's grace]
 15282 | Lair:2   | Lost mutation: You are mostly covered in iridescent scales.
                  | (AC +4) [Jiyva's grace]
 15282 | Lair:2   | Lost mutation: You have acidic saliva. [Jiyva's grace]
 15282 | Lair:2   | Lost mutation: Armour fits poorly on your large pseudopods.
                  | [Jiyva's grace]
 15282 | Lair:2   | Lost mutation: You are covered in slimy tendrils that may
                  | disarm your opponents. [Jiyva's grace]
 15282 | Lair:2   | Lost mutation: You have a small jelly attached to you that
                  | may absorb projectiles. [Jiyva's grace]
 15282 | Lair:2   | Lost mutation: Your melee attacks may engulf your foes in
                  | ooze. [Jiyva's grace]
 15282 | Lair:2   | Gained mutation: You have large cloven feet. [Jiyva's
                  | grace]
 15282 | Lair:2   | Gained mutation: You have hoof-like feet. [Jiyva's grace]
 15282 | Lair:2   | Gained mutation: You have hooves in place of feet. [Jiyva's
                  | grace]
 15282 | Lair:2   | Gained mutation: Your system is resistant to poisons.
                  | (rPois) [Jiyva's grace]
 16421 | Lair:3   | Reached skill level 15 in Stealth
 16528 | Lair:3   | Noticed an eight-headed hydra
 16530 | Lair:3   | Slimified an eight-headed hydra
 16530 | Lair:3   | Noticed an acid blob
 16530 | Lair:3   | an eight-headed hydra changed into an acid blob
 16597 | Lair:3   | Reached XP level 14. HP: 88/90 MP: 23/23
 16938 | Lair:3   | Noticed an acid blob
 16938 | Lair:3   | a seven-headed hydra changed into an acid blob
 17110 | Lair:3   | Found a staircase to the Swamp.
 17384 | Lair:4   | Lost mutation: Your system is resistant to poisons. (rPois)
                  | [Jiyva's grace]
 17384 | Lair:4   | Lost mutation: Your body has grown eyes which may confuse
                  | attackers. (Acc +3) [Jiyva's grace]
 17384 | Lair:4   | Lost mutation: Armour fits poorly on your pseudopods.
                  | [Jiyva's grace]
 17384 | Lair:4   | Gained mutation: Your pliable body absorbs attacks. (AC +2,
                  | EV +2) [Jiyva's grace]
 17384 | Lair:4   | Gained mutation: Your gelatinous body deflects attacks. (AC
                  | +3, EV +3) [Jiyva's grace]
 17384 | Lair:4   | Gained mutation: You possess an exceptional clarity of
                  | mind. [Jiyva's grace]
 17384 | Lair:4   | Gained mutation: You have a pair of small horns on your
                  | head. [Jiyva's grace]
 17454 | Spider:1 | Entered Level 1 of the Spider Nest
 17641 | Spider:1 | Reached skill level 16 in Stealth
 17972 | Lair:4   | Reached skill level 17 in Stealth
 18138 | Lair:4   | Identified the +0 ring mail of Follow the Leader {rCorr
                  | Dex+2 Stlth+}
 18188 | Lair:4   | Found a hide-covered altar of Uskayaw.
 19539 | Lair:5   | Identified the +0 helmet "Qyelu" {rC+}
 19680 | Lair:5   | Found a viscous altar of Jiyva.
 19681 | Lair:5   | Found a staircase to the Slime Pits.
 19688 | Slime:1  | Entered Level 1 of the Pits of Slime
 19692 | Slime:1  | Noticed a rockslime
 19707 | Slime:3  | Noticed an acid blob
 19732 | Slime:4  | Noticed an acid blob
 19765 | Slime:4  | Noticed an acid blob
 19780 | Slime:4  | Noticed a rockslime
 19784 | Slime:4  | Noticed an acid blob
 19832 | Slime:4  | Noticed a quicksilver ooze
 19836 | Slime:5  | Entered Level 5 of the Pits of Slime
 19857 | Slime:5  | Noticed an acid blob
 19887 | Slime:5  | Noticed an acid blob
 19898 | Slime:5  | Noticed an azure jelly
 19929 | Slime:5  | Noticed an acid blob
 19956 | Slime:5  | Noticed an acid blob
 19962 | Slime:5  | Noticed a quicksilver ooze
 19986 | Slime:5  | Identified the +10 rapier "Orb Guardian's Doom" {flame,
                  | rPois rCorr Int+3}
 19994 | Slime:5  | Noticed an acid blob
 19999 | Slime:5  | Found a viscous altar of Jiyva.
 19999 | Slime:5  | Identified the +2 arbalest of the Spectre {elec, rN+ Str+6}
 20011 | Slime:5  | Identified the +1 plate armour "Hasuam" {SInv}
 20013 | Slime:5  | Got a slimy rune of Zot
 20014 | Slime:5  | Identified the +9 great sword of Instant Death {vorpal,
                  | rElec Str+3}
 20018 | Slime:5  | Noticed an acid blob
 20024 | Slime:5  | Identified the +0 pair of boots of Starshine {Will+ Regen+}
 20125 | Slime:5  | Noticed an acid blob
 20132 | Slime:5  | Noticed the Royal Jelly
 20138 | Slime:5  | Noticed a rockslime
 20301 | Slime:3  | Noticed an acid blob
 20303 | Slime:3  | Noticed a rockslime
 20364 | Lair:5   | Lost mutation: You have a pair of small horns on your head.
                  | [Jiyva's grace]
 20364 | Lair:5   | Lost mutation: Your gelatinous body deflects attacks. (AC
                  | +3, EV +3) [Jiyva's grace]
 20364 | Lair:5   | Lost mutation: Your pliable body absorbs attacks. (AC +2,
                  | EV +2) [Jiyva's grace]
 20364 | Lair:5   | Gained mutation: You are strong-willed. (Will+) [Jiyva's
                  | grace]
 20364 | Lair:5   | Gained mutation: You are highly strong-willed. (Will++)
                  | [Jiyva's grace]
 20364 | Lair:5   | Gained mutation: You are extremely strong-willed. (Will+++)
                  | [Jiyva's grace]
 20364 | Lair:5   | Gained mutation: You have a pair of small antennae on your
                  | head. [Jiyva's grace]
 20483 | Lair:6   | Entered Level 6 of the Lair of Beasts
 20513 | Lair:6   | Reached skill level 15 in Dodging
 20611 | Lair:6   | Noticed an acid blob
 20611 | Lair:6   | a four-headed hydra changed into an acid blob
 21021 | Lair:6   | Reached skill level 18 in Stealth
 21177 | Lair:6   | Reached XP level 15. HP: 97/97 MP: 21/24
 21309 | Lair:6   | Noticed an acid blob
 21309 | Lair:6   | a five-headed hydra changed into an acid blob
 21409 | Lair:6   | Reached skill level 19 in Stealth
 21857 | Lair:6   | Reached skill level 20 in Stealth
 21955 | Lair:6   | Found the +9 sword of Zonguldrok {reap}
 22366 | Elf:1    | Entered Level 1 of the Elven Halls
 22629 | Elf:1    | Noticed an acid blob
 22629 | Elf:1    | a deep elf knight changed into an acid blob
 22709 | Elf:1    | Lost mutation: You possess an exceptional clarity of mind.
                  | [Jiyva's grace]
 22709 | Elf:1    | Lost mutation: You are extremely strong-willed. (Will+++)
                  | [Jiyva's grace]
 22709 | Elf:1    | Gained mutation: You are agile. (Dex +2) [Jiyva's grace]
 22709 | Elf:1    | Gained mutation: You are very agile. (Dex +4) [Jiyva's
                  | grace]
 22709 | Elf:1    | Gained mutation: You possess an exceptional clarity of
                  | mind. [Jiyva's grace]
 22709 | Elf:1    | Gained mutation: Your spells are a little harder to cast,
                  | but a little more powerful. [Jiyva's grace]
 22740 | Elf:1    | Found a shimmering blue altar of Sif Muna.
 23005 | Elf:1    | Reached skill level 21 in Stealth
 23674 | Elf:2    | Reached skill level 22 in Stealth
 23714 | Elf:2    | Reached skill level 1 in Axes
 24099 | Elf:2    | Reached XP level 16. HP: 78/104 MP: 25/25
 24120 | Elf:2    | Found a runed translucent gate.
 24120 | Elf:2    | Found a runed translucent gate.
 24120 | Elf:2    | Found a runed translucent gate.
 24589 | Elf:3    | Entered Level 3 of the Elven Halls
 24634 | Elf:3    | Got the Compendium of Unholy Secrets
 24784 | Elf:3    | Lost mutation: You have hooves in place of feet. [Jiyva's
                  | grace]
 24784 | Elf:3    | Lost mutation: You have hoof-like feet. [Jiyva's grace]
 24784 | Elf:3    | Lost mutation: You are partially covered in iridescent
                  | scales. (AC +2) [Jiyva's grace]
 24784 | Elf:3    | Lost mutation: You are very agile. (Dex +4) [Jiyva's grace]
 24784 | Elf:3    | Gained mutation: Your mind is acute. (Int +2) [Jiyva's
                  | grace]
 24784 | Elf:3    | Gained mutation: Your mind is very acute. (Int +4) [Jiyva's
                  | grace]
 24784 | Elf:3    | Gained mutation: Your melee attacks may engulf your foes in
                  | ooze. [Jiyva's grace]
 24784 | Elf:3    | Gained mutation: You have a pair of antennae on your head.
                  | [Jiyva's grace]
 25005 | Elf:3    | Noticed a deep elf sorcerer
 25012 | Elf:3    | Killed a deep elf sorcerer
 25047 | Elf:3    | Noticed a deep elf blademaster
 25051 | Elf:3    | Slimified a deep elf blademaster
 25051 | Elf:3    | Noticed an azure jelly
 25051 | Elf:3    | a deep elf blademaster changed into an azure jelly
 25055 | Elf:3    | Killed an azure jelly
 25108 | Elf:3    | Noticed a deep elf sorcerer
 25111 | Elf:3    | Slimified a deep elf sorcerer
 25111 | Elf:3    | Noticed an acid blob
 25111 | Elf:3    | a deep elf sorcerer changed into an acid blob
 25126 | Elf:3    | Noticed a deep elf master archer
 25131 | Elf:3    | Killed a deep elf master archer
 25150 | Elf:3    | Identified the +2 glaive of Zont {freeze, Dex+3 SInv}
 25156 | Elf:3    | Noticed a deep elf sorcerer
 25169 | Elf:3    | Noticed a deep elf sorcerer
 25177 | Elf:3    | Killed a deep elf sorcerer
 25188 | Elf:3    | Identified the ring "Tiexzigh" {+Blink rF+ Str+6}
 25196 | Elf:3    | Identified the +0 robe of Dogmatism {rElec rC- Int+10}
 25236 | Elf:3    | Identified the +4 trident of Circularity {holy, rPois
                  | Dex+4}
 25254 | Elf:3    | Noticed a deep elf sorcerer
 25256 | Elf:3    | Killed a deep elf sorcerer
 25262 | Elf:3    | Noticed a deep elf master archer
 25288 | Elf:3    | Killed a deep elf master archer
 25289 | Elf:3    | Reached skill level 15 in Fighting
 25434 | Elf:3    | Killed a deep elf master archer
 25459 | Elf:3    | Killed a deep elf sorcerer
 25654 | Elf:3    | Noticed a deep elf blademaster
 25671 | Elf:3    | Slimified a deep elf blademaster
 25671 | Elf:3    | Noticed an azure jelly
 25671 | Elf:3    | a deep elf blademaster changed into an azure jelly
 25840 | Elf:3    | Identified the +5 great sword "Uduepacs" {drain, rC+ MP+9}
 25910 | Elf:3    | Got the Handbook of the Mountains and Changing
 25939 | Elf:3    | Got Jukhluagi's Tome of Lethal Weightlessness
 25951 | Elf:3    | Identified the +5 lajatang of Zin's Indignation {holy,
                  | Str+4}
 26001 | Elf:3    | Identified the +2 leather armour "Kuonoj" {Fly rElec rPois
                  | Stlth+}
 26108 | Elf:3    | Identified the +7 great sword of the Old World {vorpal,
                  | rPois Str+3 SInv}
 26108 | Elf:3    | Noticed a deep elf sorcerer
 26114 | Elf:3    | Killed a deep elf sorcerer
 26461 | Elf:3    | Noticed a Brimstone Fiend
 27039 | Spider:1 | Reached XP level 17. HP: 113/113 MP: 26/26
 27807 | Spider:2 | Noticed Arachne
 27808 | Spider:2 | Killed Arachne
 27844 | Spider:2 | Noticed an acid blob
 27844 | Spider:2 | a wolf spider changed into an acid blob
 27928 | Spider:2 | You fall into a shaft and drop 1 floor!
 28171 | Spider:3 | Lost mutation: Your melee attacks may engulf your foes in
                  | ooze. [Jiyva's grace]
 28171 | Spider:3 | Gained mutation: Armour fits poorly on your pseudopods.
                  | [Jiyva's grace]
 28171 | Spider:3 | Gained mutation: Armour fits poorly on your large
                  | pseudopods. [Jiyva's grace]
 28171 | Spider:3 | Gained mutation: Armour fits poorly on your massive
                  | pseudopods. [Jiyva's grace]
 28171 | Spider:3 | Gained mutation: You have hidden genetic potential.
                  | [Jiyva's grace]
 28382 | Spider:4 | Entered Level 4 of the Spider Nest
 28495 | Spider:4 | Reached skill level 1 in Evocations
 28757 | Spider:4 | Reached skill level 5 in Evocations
 29264 | Spider:4 | Learned a level 3 spell: Swiftness
 29826 | Swamp:1  | Entered Level 1 of the Swamp
 29959 | Swamp:1  | Reached XP level 18. HP: 78/122 MP: 17/27
 30361 | Swamp:1  | Lost mutation: You are agile. (Dex +2) [Jiyva's grace]
 30361 | Swamp:1  | Lost mutation: You possess an exceptional clarity of mind.
                  | [Jiyva's grace]
 30361 | Swamp:1  | Lost mutation: Armour fits poorly on your massive
                  | pseudopods. [Jiyva's grace]
 30361 | Swamp:1  | Gained mutation: Your system is resistant to poisons.
                  | (rPois) [Jiyva's grace]
 30361 | Swamp:1  | Gained mutation: Armour fits poorly on your massive
                  | pseudopods. [Jiyva's grace]
 30361 | Swamp:1  | Gained mutation: Your translucent skin slightly reduces
                  | your foes' accuracy. (Stealth+) [Jiyva's grace]
 30361 | Swamp:1  | Gained mutation: Your translucent skin reduces your foes'
                  | accuracy. (Stealth+) [Jiyva's grace]
 30569 | Swamp:2  | You fall into a shaft and drop 1 floor!
 31224 | Swamp:4  | Entered Level 4 of the Swamp
 31407 | Swamp:4  | Gained mutation: You are agile. (Dex +2) [hidden potential]
 31554 | Swamp:4  | Noticed an acid blob
 31554 | Swamp:4  | an eight-headed hydra changed into an acid blob
 31575 | Swamp:4  | Killed an acid blob
 31644 | Swamp:4  | Identified the +3 leather armour of Xaenwed {rN+ Str+3
                  | Slay+3}
 31809 | Swamp:4  | Got a decaying rune of Zot
 31868 | Swamp:3  | Noticed Louise
 31882 | Swamp:3  | Killed Louise
 32146 | Swamp:2  | Lost mutation: You have large cloven feet. [Jiyva's grace]
 32146 | Swamp:2  | Lost mutation: You are agile. (Dex +2) [Jiyva's grace]
 32146 | Swamp:2  | Lost mutation: Your mind is very acute. (Int +4) [Jiyva's
                  | grace]
 32146 | Swamp:2  | Lost mutation: Your translucent skin reduces your foes'
                  | accuracy. (Stealth+) [Jiyva's grace]
 32146 | Swamp:2  | Gained mutation: Your melee attacks may engulf your foes in
                  | ooze. [Jiyva's grace]
 32146 | Swamp:2  | Gained mutation: You have a small jelly attached to you
                  | that senses nearby items. [Jiyva's grace]
 32146 | Swamp:2  | Gained mutation: You have large cloven feet. [Jiyva's
                  | grace]
 32146 | Swamp:2  | Gained mutation: You have hoof-like feet. [Jiyva's grace]
 32958 | Orc:2    | Killed Kranky's ghost
 33020 | Orc:2    | Bought a translucent platinum ring for 160 gold pieces
 33020 | Orc:2    | Identified the ring of Fitse {EV+4 Int+4} (You bought it in
                  | a shop on level 2 of the Orcish Mines)
 33637 | D:11     | Killed RedNights's ghost
 34152 | D:13     | Noticed Sonja
 34154 | D:13     | Killed Sonja
 34193 | D:13     | Noticed Nessos
 34202 | D:13     | Slimified Nessos
 34202 | D:13     | Noticed Nessos
 34202 | D:13     | Nessos changed into Nessos the slime creature
 34701 | D:13     | Reached XP level 19. HP: 128/128 MP: 28/28
 34731 | D:13     | Reached skill level 1 in Armour
 34846 | D:13     | Found a gate to the Vaults.
 35594 | D:14     | Lost mutation: You have a pair of antennae on your head.
                  | [Jiyva's grace]
 35594 | D:14     | Lost mutation: You have hoof-like feet. [Jiyva's grace]
 35594 | D:14     | Lost mutation: Your spells are a little harder to cast, but
                  | a little more powerful. [Jiyva's grace]
 35594 | D:14     | Lost mutation: Armour fits poorly on your massive
                  | pseudopods. [Jiyva's grace]
 35594 | D:14     | Gained mutation: Your mind is very acute. (Int +4) [Jiyva's
                  | grace]
 35594 | D:14     | Gained mutation: Armour fits poorly on your massive
                  | pseudopods. [Jiyva's grace]
 35594 | D:14     | Lost mutation: You have large cloven feet. [Jiyva's grace]
 35594 | D:14     | Gained mutation: You have sharp toenails. [Jiyva's grace]
 35594 | D:14     | Gained mutation: You have razor-sharp toenails. [Jiyva's
                  | grace]
 36214 | D:14     | Learned a level 2 spell: Passwall
 36273 | D:14     | Reached skill level 1 in Transmutations
 36273 | D:14     | Reached skill level 1 in Earth Magic
 36416 | D:15     | Entered Level 15 of the Dungeon
 37007 | D:15     | Found a staircase to the Depths.
 37012 | Depths:1 | Entered Level 1 of the Depths
 37070 | D:15     | Gained mutation: You are partially covered in iridescent
                  | scales. (AC +2) [hidden potential]
 37070 | D:15     | Lost mutation: You have hidden genetic potential. [hidden
                  | potential expressed]
 37418 | Vaults:1 | Entered Level 1 of the Vaults
 39473 | Spider:3 | Reached skill level 5 in Conjurations
 39507 | Spider:3 | Found the +1 robe of Vines {NoPotionHeal Regen++++}
 39513 | Spider:3 | Identified a scroll of acquirement
 39515 | Spider:3 | Acquired evanesce's Compendium of the Feathery Glacier
 39520 | Spider:3 | Learned a level 2 spell: Sublimation of Blood
 39526 | Spider:3 | Learned a level 5 spell: Summon Mana Viper
 39531 | Spider:3 | Learned a level 4 spell: Summon Lightning Spire
 39689 | Spider:3 | Reached skill level 1 in Summonings
 39699 | Spider:3 | Noticed Jorgrun
 39708 | Spider:3 | Slimified Jorgrun
 39708 | Spider:3 | Noticed Jorgrun
 39708 | Spider:3 | Jorgrun changed into Jorgrun the azure jelly
 39895 | Spider:4 | Reached XP level 20. HP: 134/134 MP: 32/32
 40402 | Spider:4 | Got a gossamer rune of Zot
 40796 | Depths:1 | Reached skill level 5 in Summonings
 40885 | Depths:1 | Found Kyqisos's Jewellery Shoppe.
 40885 | Depths:1 | Found Japraty's Jewellery Shoppe.
 40886 | Depths:1 | Found Beunuex's Book Boutique.
 40896 | Depths:1 | Lost mutation: You are partially covered in iridescent
                  | scales. (AC +2) [Jiyva's grace]
 40896 | Depths:1 | Lost mutation: Your mind is very acute. (Int +4) [Jiyva's
                  | grace]
 40896 | Depths:1 | Lost mutation: You have a small jelly attached to you that
                  | senses nearby items. [Jiyva's grace]
 40896 | Depths:1 | Gained mutation: You have a pair of antennae on your head.
                  | [Jiyva's grace]
 40896 | Depths:1 | Gained mutation: You have a pair of large antennae on your
                  | head. (SInv) [Jiyva's grace]
 40896 | Depths:1 | Gained mutation: You are agile. (Dex +2) [Jiyva's grace]
 40896 | Depths:1 | Gained mutation: You are very agile. (Dex +4) [Jiyva's
                  | grace]
 40917 | Depths:1 | Found Jyfuazex's Jewellery Boutique.
 40924 | Depths:1 | Bought an amulet of faith for 800 gold pieces
 41327 | Depths:2 | Found a gateway to Hell.
 41372 | Depths:2 | Found a magical portal.
 41378 | WizLab   | Entered The Roulette of Golubria
 41378 | WizLab   | Found a transporter.
 41389 | WizLab   | Found the +1 cloak of Starlight {*Dazzle EV+4 Stlth--}
 41409 | WizLab   | Found a transporter.
 41413 | WizLab   | Found a transporter.
 41629 | WizLab   | Found a corrupted altar of Lugonu.
 41633 | WizLab   | Found a transporter.
 41760 | WizLab   | Found a transporter.
 41820 | Depths:2 | Found a broken altar of Ashenzari.
 41830 | Depths:2 | You fall into a shaft and drop 2 floors!
 41830 | Depths:4 | Entered Level 4 of the Depths
 41869 | Depths:4 | Noticed a juggernaut
 42088 | Depths:3 | Found Apreib's Armour Shop.
 42091 | Depths:3 | Found Ihuiteor's Armour Boutique.
 42091 | Depths:3 | Found Ofuura's Antique Weapon Shop.
 42095 | Depths:3 | Found Velyxt's Weapon Boutique.
 42120 | Depths:3 | Bought a +2 pair of gloves of dexterity for 365 gold pieces
 42373 | Depths:4 | Slimified a juggernaut
 42373 | Depths:4 | a juggernaut changed into an acid blob
 42465 | Depths:4 | Lost mutation: You have razor-sharp toenails. [Jiyva's
                  | grace]
 42465 | Depths:4 | Lost mutation: You are very agile. (Dex +4) [Jiyva's grace]
 42465 | Depths:4 | Lost mutation: Your rubbery body absorbs attacks. (AC +1,
                  | EV +1) [Jiyva's grace]
 42465 | Depths:4 | Lost mutation: Armour fits poorly on your massive
                  | pseudopods. [Jiyva's grace]
 42465 | Depths:4 | Lost mutation: Armour fits poorly on your large pseudopods.
                  | [Jiyva's grace]
 42465 | Depths:4 | Gained mutation: Your muscles are strong. (Str +2) [Jiyva's
                  | grace]
 42465 | Depths:4 | Gained mutation: Your muscles are very strong. (Str +4)
                  | [Jiyva's grace]
 42465 | Depths:4 | Gained mutation: You are extremely strong-willed. (Will+++)
                  | [Jiyva's grace]
 42465 | Depths:4 | Gained mutation: Your body has grown eyes which may confuse
                  | attackers. (Acc +3) [Jiyva's grace]
 42484 | Depths:4 | Found a one-way gate leading to the halls of Pandemonium.
 42688 | Depths:4 | Noticed a juggernaut
 42691 | Depths:4 | Killed a juggernaut
 42874 | Depths:2 | Noticed Bai Suzhen
 42877 | Depths:2 | Killed Bai Suzhen
 42878 | Depths:2 | Reached skill level 10 in Spellcasting
 42908 | Depths:3 | Noticed a golden dragon
 42922 | Depths:3 | Killed a golden dragon
 43165 | Depths:4 | Noticed a golden dragon
 43182 | Depths:4 | Slimified a golden dragon
 43182 | Depths:4 | a golden dragon changed into an acid blob
 43258 | Depths:4 | Found a gate to the Realm of Zot.
 43786 | Zot:1    | Entered Level 1 of the Realm of Zot
 43810 | Zot:1    | Reached XP level 21. HP: 140/140 MP: 36/36
 44099 | Zot:2    | Noticed a golden dragon
 44115 | Zot:2    | Killed a golden dragon
 44215 | Zot:2    | Reached skill level 23 in Stealth
 44286 | Zot:2    | Found Kasockip's Changing Room.
 44354 | Zot:2    | Noticed an orb of fire
 44357 | Zot:2    | Killed an orb of fire
 44886 | Zot:3    | Lost mutation: You have a pair of large antennae on your
                  | head. (SInv) [Jiyva's grace]
 44886 | Zot:3    | Lost mutation: Your mind is acute. (Int +2) [Jiyva's grace]
 44886 | Zot:3    | Lost mutation: You are extremely strong-willed. (Will+++)
                  | [Jiyva's grace]
 44886 | Zot:3    | Lost mutation: You are highly strong-willed. (Will++)
                  | [Jiyva's grace]
 44886 | Zot:3    | Lost mutation: Your body has grown eyes which may confuse
                  | attackers. (Acc +3) [Jiyva's grace]
 44886 | Zot:3    | Lost mutation: Armour fits poorly on your pseudopods.
                  | [Jiyva's grace]
 44886 | Zot:3    | Gained mutation: You are partially covered in iridescent
                  | scales. (AC +2) [Jiyva's grace]
 44886 | Zot:3    | Gained mutation: You are mostly covered in iridescent
                  | scales. (AC +4) [Jiyva's grace]
 44886 | Zot:3    | Gained mutation: You are completely covered in iridescent
                  | scales. (AC +6) [Jiyva's grace]
 44886 | Zot:3    | Lost mutation: You have sharp toenails. [Jiyva's grace]
 44886 | Zot:3    | Gained mutation: You have large cloven feet. [Jiyva's
                  | grace]
 44937 | Zot:5    | Entered Level 5 of the Realm of Zot
 45509 | Zot:5    | Identified the +1 leather armour "Gybirch" {Contam +Blink
                  | rN+}
 45541 | Zot:5    | Noticed a curse toe
 45560 | Zot:5    | Killed a curse toe
 45654 | Zot:5    | Noticed a golden dragon
 45679 | Zot:5    | Noticed a golden dragon
 45696 | Zot:5    | Killed a golden dragon
 45699 | Zot:5    | Noticed a golden dragon
 46235 | Zot:1    | Noticed a golden dragon
 46251 | Zot:1    | Killed a golden dragon
 46692 | Depths:3 | Reached skill level 1 in Air Magic
 46843 | Depths:2 | Identified the +9 double sword "Kiloxawn" {speed, Fly Int+8
                  | Dex-2}
 46962 | Depths:3 | Noticed a caustic shrike
 46965 | Depths:3 | Slimified a caustic shrike
 46965 | Depths:3 | a caustic shrike changed into an azure jelly
 47044 | Depths:3 | Found a one-way gateway to a ziggurat.
 47096 | Depths:3 | Found a one-way gate to the infinite horrors of the Abyss.
 47225 | Depths:3 | Reached XP level 22. HP: 148/148 MP: 27/37
 47796 | Depths:3 | Lost mutation: You have a pair of antennae on your head.
                  | [Jiyva's grace]
 47796 | Depths:3 | Lost mutation: You expend magic power (3 MP) to strengthen
                  | your wands. [Jiyva's grace]
 47796 | Depths:3 | Gained mutation: You are highly strong-willed. (Will++)
                  | [Jiyva's grace]
 47796 | Depths:3 | Gained mutation: You are extremely strong-willed. (Will+++)
                  | [Jiyva's grace]
 47796 | Depths:3 | Gained mutation: You are very agile. (Dex +4) [Jiyva's
                  | grace]
 47796 | Depths:3 | Gained mutation: You are covered in slimy tendrils that may
                  | disarm your opponents. [Jiyva's grace]
 48261 | Depths:3 | Got the Disquisition on Supportive Contamination
 48450 | Depths:2 | Found a transporter.
 48602 | Depths:2 | Reached skill level 1 in Long Blades
 48836 | Depths:2 | Acquired 477 gold pieces
 49354 | Vaults:1 | Reached skill level 5 in Long Blades
 50249 | Vaults:2 | Lost mutation: You are completely covered in iridescent
                  | scales. (AC +6) [Jiyva's grace]
 50249 | Vaults:2 | Lost mutation: You are mostly covered in iridescent scales.
                  | (AC +4) [Jiyva's grace]
 50249 | Vaults:2 | Lost mutation: You are very agile. (Dex +4) [Jiyva's grace]
 50249 | Vaults:2 | Lost mutation: Your muscles are very strong. (Str +4)
                  | [Jiyva's grace]
 50249 | Vaults:2 | Lost mutation: Your muscles are strong. (Str +2) [Jiyva's
                  | grace]
 50249 | Vaults:2 | Lost mutation: Your translucent skin slightly reduces your
                  | foes' accuracy. (Stealth+) [Jiyva's grace]
 50249 | Vaults:2 | Gained mutation: Your rubbery body absorbs attacks. (AC +1,
                  | EV +1) [Jiyva's grace]
 50249 | Vaults:2 | Gained mutation: Your pliable body absorbs attacks. (AC +2,
                  | EV +2) [Jiyva's grace]
 50249 | Vaults:2 | Gained mutation: Your gelatinous body deflects attacks. (AC
                  | +3, EV +3) [Jiyva's grace]
 50249 | Vaults:2 | Gained mutation: You have a small jelly attached to you
                  | that senses nearby items. [Jiyva's grace]
 50520 | Vaults:2 | Got Sasusaucs's Tome of the Mountains
 50580 | Vaults:2 | Noticed Xtahua
 50601 | Vaults:2 | Killed Xtahua
 50841 | Vaults:2 | Found Pucaroi's Jewellery Boutique.
 51243 | Vaults:2 | Reached skill level 10 in Long Blades
 51885 | Vaults:3 | Reached XP level 23. HP: 146/153 MP: 39/39
 52058 | Vaults:3 | Lost mutation: You have a pair of small antennae on your
                  | head. [Jiyva's grace]
 52058 | Vaults:3 | Lost mutation: You have large cloven feet. [Jiyva's grace]
 52058 | Vaults:3 | Lost mutation: You are partially covered in iridescent
                  | scales. (AC +2) [Jiyva's grace]
 52058 | Vaults:3 | Lost mutation: You have a small jelly attached to you that
                  | senses nearby items. [Jiyva's grace]
 52058 | Vaults:3 | Gained mutation: Your muscles are strong. (Str +2) [Jiyva's
                  | grace]
 52058 | Vaults:3 | Gained mutation: Your muscles are very strong. (Str +4)
                  | [Jiyva's grace]
 52058 | Vaults:3 | Gained mutation: You have a pair of small horns on your
                  | head. [Jiyva's grace]
 52058 | Vaults:3 | Gained mutation: You have a pair of horns on your head.
                  | [Jiyva's grace]
 52098 | Vaults:3 | Reached XP level 24. HP: 159/159 MP: 39/39
 52183 | Vaults:3 | Reached skill level 1 in Shields
 52670 | D:11     | Bought 3 scrolls of teleportation for 108 gold pieces
 52670 | D:11     | Bought a scroll of teleportation for 36 gold pieces
 53824 | Zot:4    | Killed a golden dragon
 53865 | Zot:4    | Killed a golden dragon
 54083 | Zot:5    | Noticed an orb of fire
 54103 | Zot:5    | Killed an orb of fire
 54124 | Zot:5    | Noticed a Killer Klown
 54136 | Zot:5    | Slimified a Killer Klown
 54136 | Zot:5    | a Killer Klown changed into an acid blob
 54139 | Zot:5    | Noticed an orb of fire
 54154 | Zot:5    | Noticed an orb of fire
 54156 | Zot:5    | Gained mutation: You sometimes lose the ability to read
                  | scrolls when taking damage. [an orb of fire]
 54164 | Zot:5    | Gained mutation: Your body sometimes deteriorates upon
                  | taking damage. [an orb of fire]
 54165 | Zot:5    | Killed an orb of fire
 54169 | Zot:5    | Lost mutation: Your gelatinous body deflects attacks. (AC
                  | +3, EV +3) [an orb of fire]
 54202 | Zot:5    | Lost mutation: You are agile. (Dex +2) [potion of mutation]
 54202 | Zot:5    | Lost mutation: Your body sometimes deteriorates upon taking
                  | damage. [potion of mutation]
 54202 | Zot:5    | Lost mutation: You are covered in slimy tendrils that may
                  | disarm your opponents. [potion of mutation]
 54203 | Zot:5    | Lost mutation: You have a pair of horns on your head.
                  | [potion of mutation]
 54203 | Zot:5    | Lost mutation: Your system is resistant to poisons. (rPois)
                  | [potion of mutation]
 54203 | Zot:5    | Lost mutation: Your melee attacks may engulf your foes in
                  | ooze. [potion of mutation]
 54203 | Zot:5    | Lost mutation: You have a pair of small horns on your head.
                  | [potion of mutation]
 54203 | Zot:5    | Gained mutation: You occasionally shout uncontrollably at
                  | your foes. [potion of mutation]
 54203 | Zot:5    | Gained mutation: You are partially covered in iridescent
                  | scales. (AC +2) [potion of mutation]
 54204 | Zot:5    | Lost mutation: You sometimes lose the ability to read
                  | scrolls when taking damage. [potion of mutation]
 54204 | Zot:5    | Lost mutation: Your muscles are very strong. (Str +4)
                  | [potion of mutation]
 54204 | Zot:5    | Gained mutation: Your muscles are very strong. (Str +4)
                  | [potion of mutation]
 54388 | Zot:5    | Noticed a Killer Klown
 54398 | Zot:5    | Noticed an ancient lich
 54401 | Zot:5    | Slimified an ancient lich
 54401 | Zot:5    | an ancient lich changed into an acid blob
 54408 | Zot:5    | Killed a Killer Klown
 54472 | Zot:5    | Noticed an orb of fire
 54474 | Zot:5    | Lost mutation: You occasionally shout uncontrollably at
                  | your foes. [an orb of fire]
 54484 | Zot:5    | Gained mutation: You are agile. (Dex +2) [an orb of fire]
 54511 | Zot:5    | Noticed a dread lich
 54533 | Zot:5    | Noticed an orb of fire
 54585 | Zot:5    | Slimified a dread lich
 54585 | Zot:5    | a dread lich changed into an azure jelly
 54591 | Zot:5    | Lost mutation: Your muscles are very strong. (Str +4) [an
                  | orb of fire]
 54604 | Zot:5    | Gained mutation: Potions are less effective at restoring
                  | your health. [an orb of fire]
 54612 | Zot:5    | HP: 5/160 [orb of fire/fireball (25)]
 54653 | Zot:5    | Noticed an orb of fire
 54658 | Zot:5    | Gained mutation: You sometimes lose the ability to read
                  | scrolls when taking damage. [an orb of fire]
 54659 | Zot:5    | Gained mutation: Armour fits poorly on your strangely
                  | shaped body. [an orb of fire]
 55679 | Vaults:4 | Noticed a golden dragon
 55730 | Vaults:4 | Killed a golden dragon
 56212 | Vaults:4 | Reached skill level 24 in Stealth
 56524 | Vaults:4 | Identified the ring of Iweum {rPois Str-5 Int+3 Stlth+}
 56535 | Vaults:4 | Reached XP level 25. HP: 166/166 MP: 38/39
 56783 | Vaults:4 | Identified the +8 rapier of Wyrd {vorpal, rPois Str+2}
 56895 | Vaults:4 | Lost mutation: Your pliable body absorbs attacks. (AC +2,
                  | EV +2) [Jiyva's grace]
 56895 | Vaults:4 | Lost mutation: Potions are less effective at restoring your
                  | health. [Jiyva's grace]
 56895 | Vaults:4 | Lost mutation: You sometimes lose the ability to read
                  | scrolls when taking damage. [Jiyva's grace]
 56895 | Vaults:4 | Gained mutation: Armour fits poorly on your pseudopods.
                  | [Jiyva's grace]
 56895 | Vaults:4 | Gained mutation: Armour fits poorly on your large
                  | pseudopods. [Jiyva's grace]
 56895 | Vaults:4 | Gained mutation: Armour fits poorly on your massive
                  | pseudopods. [Jiyva's grace]
 56895 | Vaults:4 | Gained mutation: You have sharp toenails. [Jiyva's grace]
 57905 | Vaults:4 | Got the Almanac of the Voyage
 58333 | Orc:1    | Bought a potion of might for 92 gold pieces
 58374 | Orc:2    | Bought a potion of heal wounds for 160 gold pieces
 58458 | Orc:2    | Bought a potion of heal wounds for 55 gold pieces
 59861 | Zot:1    | Identified the +3 plate armour of the Shining Light {Dex+3}
 60013 | Zot:1    | Noticed an orb of fire
 60044 | Zot:1    | Noticed an ancient lich
 60084 | Zot:1    | Killed an ancient lich
 60532 | Zot:3    | Reached skill level 25 in Stealth
 60838 | Zot:4    | Lost mutation: You have sharp toenails. [Jiyva's grace]
 60838 | Zot:4    | Lost mutation: You are partially covered in iridescent
                  | scales. (AC +2) [Jiyva's grace]
 60838 | Zot:4    | Lost mutation: You are agile. (Dex +2) [Jiyva's grace]
 60838 | Zot:4    | Lost mutation: Armour fits poorly on your strangely shaped
                  | body. [Jiyva's grace]
 60838 | Zot:4    | Lost mutation: You are extremely strong-willed. (Will+++)
                  | [Jiyva's grace]
 60838 | Zot:4    | Lost mutation: Armour fits poorly on your massive
                  | pseudopods. [Jiyva's grace]
 60838 | Zot:4    | Lost mutation: Armour fits poorly on your large pseudopods.
                  | [Jiyva's grace]
 60838 | Zot:4    | Lost mutation: Armour fits poorly on your pseudopods.
                  | [Jiyva's grace]
 60838 | Zot:4    | Gained mutation: You are partially covered in iridescent
                  | scales. (AC +2) [Jiyva's grace]
 60838 | Zot:4    | Gained mutation: You are mostly covered in iridescent
                  | scales. (AC +4) [Jiyva's grace]
 60838 | Zot:4    | Gained mutation: You are completely covered in iridescent
                  | scales. (AC +6) [Jiyva's grace]
 60838 | Zot:4    | Gained mutation: Your melee attacks may engulf your foes in
                  | ooze. [Jiyva's grace]
 61010 | Zot:4    | Noticed an orb of fire
 61048 | Zot:5    | Gained mutation: Armour fits poorly on your strangely
                  | shaped body. [an orb of fire]
 61081 | Zot:5    | Killed an orb of fire
 61206 | Zot:5    | Gained mutation: Your body sometimes deteriorates upon
                  | taking damage. [an orb of fire]
 61227 | Zot:5    | Noticed an ancient lich
 61312 | Zot:4    | Gained mutation: You possess an exceptional clarity of
                  | mind. [an orb of fire]
 61634 | Zot:5    | Noticed a dread lich
 61645 | Zot:5    | Slimified a dread lich
 61645 | Zot:5    | a dread lich changed into an azure jelly
 61766 | Zot:5    | Got the Orb of Zot
 61854 | Zot:4    | Noticed an orb of fire
 61865 | Zot:4    | Gained mutation: You are frail. (-10% HP) [an orb of fire]
 62417 | D:$      | Escaped with the Orb!

Illustrated notes

Levels and vault maps discovered:
D:1:      saegor_arrival_miasma, layout_basic, basic_ecumenical_altar
D:2:      minmay_skewed_foursquare, layout_basic, grunt_ministairs_11
D:3:      layout_basic, minmay_lizard_king, uniq_natasha, uniq_grinder
D:4:      layout_basic, uniq_crazy_yiuf_cottage, uniq_duvessa
D:5:      layout_cave_pools, mrwooster_statue_mirror, minmay_shop_mayhem,
          uniq_ijyb
D:6:      layout_rooms, uniq_pikel
D:7:      layout_basic, mainiacjoe_overflow_paths, minmay_temple_entry_fiery,
          enter_ossuary_3
D:8:      nicolae_cairo_tiling_large, layout_layer_cave,
          kennysheep_windowed_goal
D:9:      layout_layer_cave
D:10:     layout_rooms, chequers_serial_rivers_room_b, the_hattery
D:11:     layout_irregular_city, lair_entry_dummy, david_orc_1_choice,
          serial_shops, shop_fountains, hellmonk_ghost_happy_afterlife,
          nicolae_wwwww
D:12:     nzn_winding_woodlands_cross [nzn_winding_woodlands_5x15_parted,
          nzn_winding_woodlands_5x15_eye, nzn_winding_woodlands_5x15_pool,
          nzn_winding_woodlands_5x15_twine,
          nzn_winding_woodlands_15x15_eel_pit], layout_basic, serial_shops,
          nicolae_lakefront_shop
D:13:     layout_loops_ring, grunt_vaults_entry_tiered, grunt_decor_junction,
          uniq_sonja, uniq_nessos
D:14:     layout_cave_pools
D:15:     hangedman_depths_entry_try_elsewhere_first, layout_basic
Temple:   mainiacjoe_temple_starburst
Lair:1:   layout_regular_city, nicolae_volcano_entry_s_turn,
          beast_lair_carwin_10
Lair:2:   layout_chaotic_city, nicolae_spider_entry_orb_guardian,
          lemuel_old_faithful, uniq_gastronok
Lair:3:   statuecave_lemuel, layout_gridlike, palyth_hydra_swamp_entry,
          serial_bayou_shore_b, grunt_megastairs_4
Lair:4:   layout_cave_pods, basic_altar, serial_bayou_shore_b
Lair:5:   layout_hall_layers, slime_altar_1, kennysheep_basilisk_garden
Lair:6:   evilmike_catoblepas_cave, layout_regular_city, lemuel_fruit_tree,
          serial_bayou_shore_b
Swamp:1:  layout_basic_swamp, evilmike_swamp_ruin_house_2
Swamp:2:  layout_basic_swamp, evilmike_swamp_ruin_house_4, swamp_pool3,
          nicolae_swamp_hydra_murder_den
Swamp:3:  layout_basic_swamp, hangedman_swamp_ruin_hall, uniq_louise
Swamp:4:  swamp_alternative, layout_basic_swamp, swamp_pool5,
          infiniplex_staircase_pool_2
Spider:1: layout_spider_delve
Spider:2: layout_spider_delve, nicolae_spider_wall_of_niches, uniq_arachne
Spider:3: nicolae_spider_hilbert_zone_4 [nicolae_spider_hilbert_4_sides_2_open,
          nicolae_spider_hilbert_4_sides_1_open,
          nicolae_spider_hilbert_4_sides_1_open,
          nicolae_spider_hilbert_4_sides_1_open,
          nicolae_spider_hilbert_4_sides_1_open,
          nicolae_spider_hilbert_2_sides_1_open,
          nicolae_spider_hilbert_2_sides_1_open,
          nicolae_spider_hilbert_2_sides_1_open,
          nicolae_spider_hilbert_2_sides_1_open,
          nicolae_spider_hilbert_6_sides_1_open,
          nicolae_spider_hilbert_6_sides_1_open,
          nicolae_spider_hilbert_3_sides_1_open,
          nicolae_spider_hilbert_3_sides_1_open], uniq_jorgrun
Spider:4: spider_rune_water, nicolae_spider_checkerboard
Slime:1:  layout_caves
Slime:2:  layout_caves
Slime:3:  layout_caves
Slime:4:  cheibrodos_slime_lost_civilization_3, layout_caves, basic_altar
Slime:5
Orc:1:    layout_caves, serial_shops, shop
Orc:2:    grunt_orc_cross, layout_diamond_mine, ebering_ghost_gozag,
          portal_ice_cave_rime, uniq_rupert
Elf:1:    nicolae_elf_arrival_fired_up, layout_loops_ring, basic_altar,
          hangedman_corner_corridor, corexii_hall_statues_t
Elf:2:    elven_hall_of_blades_hangedman_original
          [nicolae_blade_entry_floor_patterns], layout_loops_corners,
          nicolae_elf_variegated_diamond, uniq_azrael
Elf:3:    minmay_elf_hall_not_hex, layout_onion_city
Vaults:1: hangedman_vaults_slither, vaults_room_corners, grunt_vaults_bifocal,
          v_misc_31, v_misc_30, v_misc_16, v_alt_pattern_5,
          nicolae_vaults_angled_halls, v_misc_22, vaults_mumra_hex,
          vaults_dpeg_ring, vaults_room_pool, layout_vaults_omnicross
Vaults:2: vaults_room_grid, nicolae_vaults_mini_display_case,
          nicolae_vaults_hallways_thing, grunt_vaults_twisty,
          ontoclasm_vaults_pinch, vaults_room_grid, v_alt_pattern_6,
          layout_vaults_big_room, serial_hangedman_research,
          hangedman_research_geology, hangedman_research_convocations,
          hangedman_research_probablistics, hangedman_research_thanatology,
          hangedman_research_pyrotechnics, serial_shops, shop, uniq_xtahua
Vaults:3: minmay_crypt_entry_simple_sparse, nicolae_vaults_shelves_hall,
          vaults_room_stairs_pillars, nicolae_vaults_network_square,
          nicolae_vaults_stairing_the_circle, dpeg_vaults_monster_box,
          vaults_room_grunt_arrival_ludios, v_misc_13, nicolae_vaults_network_s,
          hangedman_vaults_restitches, vaults_room_stairs_pillars,
          layout_vaults_ring, uniq_mennas
Vaults:4: vaults_room_pool, vaults_dpeg_doors, st_greater_box_2,
          hangedman_vaults_stream, nicolae_vaults_little_squares_3,
          nicolae_vaults_shelves_hall, v_pattern_2, hangedman_vaults_trim,
          nicolae_vaults_border_crossing, layout_vaults_quadrants
Depths:1: layout_cave_shapes, nicolae_two_hexagons, serial_shops, shop,
          hell_entry, drop_trap, grunt_ministairs_2, minmay_misc_feat_square,
          kiku_gazebo_pond_becter, minmay_shop_grove, uniq_aizul
Depths:2: gammafunk_corrupted_shrine, layout_twisted_cross,
          grunt_pan_entry_spiral, lightli_enter_wizlab_magi_temple,
          nicolae_ashenzari_panopticon, hangedman_geh_valley,
          abyss_entry_small_statue_room, chequers_serial_rivers_micro_a,
          grunt_ministairs_9, nicolae_rock_paper_scissors, uniq_bai_suzhen
Depths:3: minmay_shrinking_squares, layout_gridlike, enter_ziggurat_f,
          hellmouth_1, abyss_entry, infiniplex_staircase_x,
          serial_bayou_shore_a, minmay_shoptagon
Depths:4: grunt_zot_entry_tricorne, layout_long_grid, pan_entry, hell_entry
Zot:1:    hangedman_snap_crack_crunch, layout_cathedral_of_symmetry
Zot:2:    kennysheep_six_static_rooms, layout_misc_corridors,
          nicolae_transmutations_shop, amethyst_zot_foddershock
Zot:3:    layout_gridlike
Zot:4:    kennysheep_room_grid, layout_twisted_circle
Zot:5:    layout_basic

Skill      XL: |  1  2  3  4  5  6  7  8  9 10 11 12 13 14 15 16 17 18 19 20 21 22 23 24 25 |
---------------+----------------------------------------------------------------------------+-----
Short Blades   | 2 3 4 5 6 10 14 | 14.3
Spellcasting   | 3 6 8 11 12 | 12.1
Fighting       | 1 3 6 9 10 11 12 13 15 16 17 18 19 | 19.2
Stealth        | 5 6 7 10 12 15 18 22 23 24 25 | 25.3
Polearms       | 3 4 5 6 |  6.2
Dodging        | 3 7 10 11 13 15 17 19 21 22 | 22.6
Conjurations   | 2 5 |  5.0
Hexes          | 6 8 9 |  9.8
Axes           | 1 |  1.1
Evocations     | 7 9 |  9.0
Armour         | 3 |  3.8
Transmutations | 3 4 |  4.2
Earth Magic    | 3 4 |  4.2
Summonings     | 1 7 |  7.0
Air Magic      | 3 4 |  4.2
Long Blades    | 11 12 13 14 | 14.8
Shields        | 4 |  4.4

Action                   |  1- 3 |  4- 6 |  7- 9 | 10-12 | 13-15 | 16-18 | 19-21 | 22-24 | 25-27 || total
-------------------------+-------+-------+-------+-------+-------+-------+-------+-------+-------++-------
Melee: Dagger            |    47 |    70 |       |   113 |   468 |    30 |       |       |       ||   728
       Punch             |     1 |       |       |     2 |    18 |    11 |    27 |     8 |    16 ||    83
       Pseudopods        |       |     9 |    23 |    62 |    74 |   138 |   352 |       |   161 ||   819
       Trident           |       |     6 |   136 |   273 |   255 |   319 |    10 |       |       ||   999
       Bite              |       |       |    10 |    35 |    27 |       |       |       |       ||    72
       Rapier            |       |       |       |    30 |    82 |   587 |  1272 |   828 |   431 ||  3230
       Kick              |       |       |       |       |   272 |     9 |       |       |       ||   281
       Headbutt          |       |       |       |       |    41 |       |       |    87 |       ||   128
       Double sword      |       |       |       |       |       |       |       |   370 |    73 ||   443
 Cast: Ensorcelled Hiber |    21 |    38 |    10 |    15 |     2 |     4 |       |       |       ||    90
       Tukima's Dance    |       |     4 |    12 |    27 |     2 |     2 |    17 |     3 |       ||    67
       Dazzling Flash    |       |       |       |       |    22 |    11 |    26 |     7 |     6 ||    72
       Confusing Touch   |       |       |       |       |       |    12 |   106 |    65 |    11 ||   194
       Swiftness         |       |       |       |       |       |     2 |     1 |       |     1 ||     4
       Summon Mana Viper |       |       |       |       |       |       |    41 |    71 |    37 ||   149
       Passwall          |       |       |       |       |       |       |    18 |     8 |    16 ||    42
       Summon Lightning  |       |       |       |       |       |       |     4 |     7 |     3 ||    14
Invok: Slimify           |       |     1 |       |     5 |     8 |    10 |    11 |     6 |     5 ||    46
       Oozemancy         |       |       |       |       |       |       |     1 |       |       ||     1
 Abil: Evoke Blink       |       |       |       |       |       |     2 |     6 |     5 |     3 ||    16
Evoke: Wand              |       |       |       |       |     1 |    14 |    13 |     8 |     6 ||    42
       Phial of floods   |       |       |       |       |       |     3 |     1 |     1 |     1 ||     6
       Lightning rod     |       |       |       |       |       |     2 |     1 |       |       ||     3
  Use: Scroll            |       |     1 |     6 |     5 |    10 |    11 |    15 |    12 |     5 ||    65
       Potion            |       |     1 |       |     1 |     1 |     9 |     1 |    20 |     5 ||    38
 Stab: Sleeping          |    27 |    27 |    11 |    34 |    69 |    92 |    74 |    32 |     2 ||   368
       Distracted        |       |       |     5 |    12 |    19 |    29 |    25 |    26 |    16 ||   132
       Confused          |       |       |       |       |     2 |    10 |    79 |    51 |    11 ||   153
       Invisible         |       |       |       |       |    15 |     9 |    19 |    11 |     8 ||    62
       Paralysed         |       |       |       |       |       |       |     1 |       |       ||     1
       Petrified         |       |       |       |       |       |       |       |     1 |       ||     1
Armor: Robe              |     5 |     5 |    12 |    26 |    62 |    62 |       |    22 |    27 ||   221
       Steam dragon scal |       |       |       |    18 |       |       |       |       |       ||    18
       Leather armour    |       |       |       |       |       |     9 |   101 |    64 |       ||   174
Dodge: Dodged            |    15 |    42 |    45 |   287 |   495 |   938 |  1063 |  1097 |   507 ||  4489
Block: Buckler           |       |       |       |       |       |       |       |    91 |       ||    91
